 Dungeon Crawl Stone Soup version 0.25-a0-294-gea9b1ad378 (webtiles) character file.

Game seed: 3957464219889454643, levelgen mode: classic

1474 Borgoz the Covered (level 8, -7/46 HPs)
             Began as a Gargoyle Berserker on Dec 19, 2019.
             Was a Priest of Trog.
             Killed by divine providence
             ... invoked by an orc priest
              (14 damage)
             ... on level 6 of the Dungeon.
             The game lasted 00:04:41 (4407 turns).

Borgoz the Covered (Gargoyle Berserker)             Turns: 4407, Time: 00:04:41

Health: -7/46      AC: 14    Str: 21    XL:     8   Next: 78%
Magic:  8/8        EV: 14    Int:  8    God:    Trog [***...]
Gold:   162        SH:  5    Dex: 11    Spells: 7/7 levels left

rFire    . . .     SeeInvis .   a - +0 falchion
rCold    . . .     Gourm    .   (no shield)
rNeg     + . .     Faith    .   b - +0 animal skin
rPois    ∞         Spirit   .   (no helmet)
rElec    +         Reflect  +   (no cloak)
rCorr    .         Harm     .   (no gloves)
MR       .....                  (no boots)
Stlth    +.........             h - +5 amulet of reflection
HPRegen  0.15/turn              k - +6 ring of protection
MPRegen  0.11/turn              (no ring)

@: berserk cooldown, starving, slowed, very slow
A: negative energy resistance 1, electricity resistance, unbreathing,
petrification resistance, rot immunity, AC +5
a: Berserk, Trog's Hand, Renounce Religion


You were on level 6 of the Dungeon.
You worshipped Trog.
Trog was most pleased with you.
You were starving.

You visited 1 branch of the dungeon, and saw 6 of its levels.

You collected 162 gold pieces.

Inventory:

Hand Weapons
 a - a +0 falchion (weapon)
Armour
 b - a +0 animal skin (worn)
Jewellery
 h - a +5 amulet of reflection (around neck)
 k - a +6 ring of protection (left hand)
 x - an uncursed ring of see invisible {unknown}
Wands
 q - a wand of random effects (9)
Scrolls
 e - 6 scrolls of remove curse {unknown}
 g - 2 scrolls of identify {unknown}
 i - a scroll of enchant weapon {unknown}
 m - 3 scrolls of teleportation {unknown}
 n - a scroll of enchant armour {unknown}
 o - 5 scrolls of magic mapping {unknown}
 p - 2 scrolls of noise {unknown}
 r - a scroll of immolation {unknown}
 s - a scroll of blinking {unknown}
 w - 2 scrolls of fear {unknown}
Potions
 d - a potion of might {unknown}
 f - 5 potions of curing {unknown}
 j - a potion of flight {unknown}
 t - 2 potions of invisibility {unknown}
 u - a potion of mutation {unknown}
 v - 2 potions of degeneration {unknown}
 z - a potion of heal wounds
Comestibles
 c - 6 rations


   Skills:
 - Level 3.2 Fighting
 + Level 6.2 Long Blades
 + Level 7.0 Armour
 + Level 5.2 Dodging


You had 7 spell levels left.
You didn't know any spells.
Your spell library was empty.

Dungeon Overview and Level Annotations

Branches:
Dungeon (6/15)
 Temple: D:4-7

Altars:
Ashenzari
Nemelex Xobeh
Sif Muna
Trog
Xom


Innate Abilities, Weirdness & Mutations

You are resistant to torment.
Your stone body is resilient. (AC +5)
You are immune to poison.
You resist negative energy. (rN+)
You are resistant to electric shocks. (rElec)
You can survive without breathing.
You are immune to petrification.
You are immune to rotting.


Message History

Trog accepts your kill. The hound bites you. The hound misses you.
The orc priest invokes the aid of Beogh against you.
Beogh smites you!
* * * LOW HITPOINT WARNING * * *
Things that are here:
a +0 hand axe; an orc corpse You barely miss the orc priest.
The hound bites you but does no damage.
The orc priest hits you but does no damage.
You barely miss the orc priest.
You are no longer berserk.
You are exhausted.
You feel yourself slow down. The hound barely misses you.
You hit the orc priest.
The orc priest is lightly wounded.
The hound bites you but does no damage.
The orc priest mumbles some strange prayers to Beogh against you.
Beogh smites you!
You die...

.......## #
......... #.
.........
.##........
..........
.........
#####o.......
#######..<#@h......
..!.....###)#######
#######....)#
#..$..(...#
#.......$.#
#.........#
##.....####
.......# ###.....#


You could see a hound and an orc priest.

Vanquished Creatures
  A hippogriff (D:6)
  A sky beast (D:5)
  2 ice beasts
  2 phantoms
  3 ogres
  A scorpion (D:5)
  A jelly (D:5)
  2 bullfrog skeletons
  An orc priest (D:5)
  2 orc wizards (D:6)
  A centaur skeleton (D:4)
  2 iguanas (D:4)
  2 worker ants
  Terence (D:3)
  A worker ant zombie (D:5)
  4 gnolls (D:5)
  4 adders
  3 oozes
  2 adder skeletons
  A worm (D:4)
  13 dart slugs
  5 orcs
  A ball python (D:1)
  5 bats
  4 giant cockroaches
  9 goblins
  5 hobgoblins
  12 jackals
  2 quokkas
  6 frilled lizards
  7 kobolds
  2 leopard gecko skeletons
  6 rats
114 creatures vanquished.

Notes
Turn   | Place    | Note
-------+----------+-------------------------------------------
     0 | D:1      | Borgoz the Gargoyle Berserker began the quest for the Orb.
     0 | D:1      | Reached XP level 1. HP: 14/14 MP: 1/1
   279 | D:1      | Reached XP level 2. HP: 18/19 MP: 2/2
   554 | D:1      | Reached XP level 3. HP: 23/23 MP: 3/3
   655 | D:1      | Reached ** piety under Trog
   963 | D:2      | Reached skill level 3 in Armour
  1120 | D:2      | Reached XP level 4. HP: 28/28 MP: 4/4
  1237 | D:2      | Found a shimmering altar of Xom.
  1542 | D:3      | Noticed Terence
  1560 | D:3      | Killed Terence
  1830 | D:3      | Found a sparkling altar of Nemelex Xobeh.
  2019 | D:3      | Reached XP level 5. HP: 22/32 MP: 5/5
  2344 | D:4      | Noticed an ogre
  2352 | D:4      | Killed an ogre
  2352 | D:4      | Reached skill level 4 in Armour
  2352 | D:4      | Reached XP level 6. HP: 37/37 MP: 6/6
  2427 | D:4      | Noticed an ice beast
  2442 | D:4      | Killed an ice beast
  2442 | D:4      | Reached XP level 7. HP: 36/41 MP: 7/7
  2588 | D:4      | Reached skill level 5 in Armour
  2816 | D:4      | Reached *** piety under Trog
  2877 | D:4      | Found a bloodstained altar of Trog.
  3038 | D:4      | Found a shimmering blue altar of Sif Muna.
  3056 | D:5      | Entered Level 5 of the Dungeon
  3112 | D:5      | Reached skill level 5 in Long Blades
  3475 | D:5      | Reached XP level 8. HP: 46/46 MP: 8/8
  3648 | D:5      | Reached skill level 6 in Armour
  3688 | D:5      | Found a shattered altar of Ashenzari.
  4373 | D:6      | Noticed a hippogriff
  4385 | D:6      | Reached skill level 5 in Dodging
  4395 | D:6      | Killed a hippogriff
  4395 | D:6      | Reached skill level 7 in Armour
  4407 | D:6      | Killed from afar by an orc priest

Levels and vault maps discovered:
D:1:      lemuel_arrival_lava_pool, layout_basic
D:2:      layout_loops_ring, xom_butterflies, minmay_tromino_v4_a
D:3:      layout_loops_cross, hangedman_glass_teeth, nemelex_dance_club_becter,
          uniq_terence
D:4:      layout_basic, lemuel_doored_altar, first_ration, lemuel_blue_sif_altar
D:5:      kennysheep_slugbush, layout_loops_corners, basic_altar
D:6:      layout_basic, nicolae_qazlal_style_of_elements,
          minmay_temple_entry_statues_pillars,
          eino_small_chamber_without_monster, uniq_duvessa, uniq_blork_the_orc,
          uniq_edmund

Skill      XL: |  1  2  3  4  5  6  7  8 |
---------------+-------------------------+-----
Long Blades    | 3 4 5 6 |  6.2
Dodging        | 2 3 4 5 |  5.2
Armour         | 3 4 5 7 |  7.0
Fighting       | |  3.2

Action                   |  1- 3 |  4- 6 |  7- 9 || total
-------------------------+-------+-------+-------++-------
Melee: Falchion          |   106 |   117 |   282 ||   505
Invok: Berserk           |     1 |     3 |     4 ||     8
  Eat: Chunk             |     2 |     6 |     6 ||    14
       Ration            |       |       |     1 ||     1
Armor: Animal skin       |    41 |    44 |   102 ||   187
Dodge: Dodged            |    62 |    69 |   133 ||   264
Block: Other             |    18 |    29 |    57 ||   104
       Reflection        |       |     4 |     2 ||     6
       Rpst.: Falchion   |    18 |    21 |    36 ||    75

Table legend:
 A = Non-vault XP
 B = Vault XP
 C = Vault XP percentage of total XP
 D = Non-vault monster count
 E = Vault monster count
 F = Vault count percentage of total count
                 A         B        C        D         E       F
            +---------+---------+-------+---------+---------+-------
      Total |    2024 |      83 |   3.9 |      99 |      15 |  13.2
            +---------+---------+-------+---------+---------+-------
        D:1 |      47 |       0 |   0.0 |      23 |       0 |   0.0
        D:2 |      42 |       5 |  10.6 |      17 |       3 |  15.0
        D:3 |      70 |      42 |  37.5 |      17 |       3 |  15.0
        D:4 |     673 |       0 |   0.0 |      12 |       0 |   0.0
        D:5 |     844 |      36 |   4.1 |      25 |       9 |  26.5
        D:6 |     348 |       0 |   0.0 |       5 |       0 |   0.0
            +---------+---------+-------+---------+---------+-------
